 Dungeon Sprint DCSS version 0.30-a0-54-g2e61a25929 (webtiles) character file.

Game seed: 13336295539387505153

1053 Ankalagon the Blocker (level 8, -1/69 HPs)
             Began as a Gargoyle Fighter on Sept 8, 2022.
             Was an Initiate of Gozag.
             Slain by a hornet (6 damage)
             ... in the Dungeon (Sprint II: "The Violet Keep of Menkaure").
             The game lasted 00:01:16 (323 turns).

Ankalagon the Blocker (Gargoyle Fighter)             Turns: 323, Time: 00:01:17

Health: -1/69      AC: 12    Str: 20    XL:     8   Next: 26%
Magic:  8/8        EV:  9    Int:  9    God:    Gozag
Gold:   243        SH:  7    Dex: 11    Spells: 7/7 levels left

rFire   . . .      SeeInvis .    a - +0 flail
rCold   . . .      Faith    .    c - +0 buckler
rNeg    + . .      Spirit   .    b - +0 scale mail
rPois   ∞          Reflect  .    (no helmet)
rElec   +          Harm     .    (no cloak)
rCorr   .          Rampage  .    (no gloves)
Will    .....      NoTele   +    (no boots)
Stlth   ..........               (no amulet)
HPRegen 0.21/turn                (no ring)
MPRegen 0.11/turn                (no ring)

@: berserking (expiring), gold aura, very quick
A: sickness immunity, AC +5, negative energy resistance 1, electricity
resistance, torment resistance 1, petrification resistance
a: Renounce Religion, Potion Petition, Call Merchant, Bribe Branch


You were in the Dungeon.
You worshipped Gozag.
Gozag was aware of your devotion.
You visited 1 branch You collected 243 gold pieces.

Inventory:

Hand Weapons
 a - a +0 flail (weapon)
Armour
 b - a +0 scale mail (worn)
 c - a +0 buckler (worn)
Scrolls
 j - a scroll of blinking
Potions
 e - a potion of curing
 g - a potion of haste
 h - 2 potions of magic


   Skills:
 - Level 3.2 Fighting
 + Level 12.6 Maces & Flails
 - Level 3.2 Armour
 + Level 13.9 Shields


You had 7 spell levels left.
You didn't know any spells.
Your spell library was empty.

Dungeon Overview and Level Annotations

Branches:
Dungeon (1/1)

Altars:
Cheibriados
Dithmenos
Elyvilon
Fedhas
Gozag
Hepliaklqana
Kikubaaqudgha
Makhleb
Nemelex Xobeh
Okawaru
Qazlal
Ru
Sif Muna
Trog
Uskayaw
Vehumet
Wu Jian
Xom
Yredelemnul
Zin
The Shining One
Jiyva
Lugonu

Annotations:
D exclusion: orange crystal statue


Innate Abilities, Weirdness & Mutations

You are immune to sickness and miasma.
Your stone body is resilient. (AC +5)
You are immune to poison.
You resist negative energy. (rN+)
You are resistant to electric shocks. (rElec)
You are resistant to unholy torment.
You are immune to petrification.


Message History

You sock the hornet!
The hornet is heavily wounded.
The hornet stings you!
* * * LOW HITPOINT WARNING * * *
You closely miss the hornet.
The hornet is heavily wounded.
The polar bear barely misses you.
The polar bear claws you but does no damage. x2
You block the hornet's attack.
You are too berserk!
Unknown command.
You sock the polar bear!
The polar bear is severely wounded.
You completely miss the hornet.
The hornet is heavily wounded.
The hornet is distracted by your dazzling golden aura.
The polar bear bites you.
* * * LOW HITPOINT WARNING * * *
The polar bear closely misses you.
The polar bear claws you but does no damage.
The hornet buzzes angrily.
You sock the polar bear!
The polar bear is almost dead.
The hornet is no longer distracted by gold.
The hornet closely misses you. The polar bear bites you!
* * * LOW HITPOINT WARNING * * *
The polar bear closely misses you. x2
You hit the polar bear.
The polar bear is almost dead.
You block the hornet's attack.
You sock the polar bear!
You kill the polar bear!
The polar bear is distracted by your dazzling golden aura.
The hornet closely misses you.
You barely miss the hornet.
The hornet is heavily wounded.
The polar bear growls angrily.
The hornet stings you.
You die...
Your body crumbles into a pile of gold. ...# ...# $ $ $ ###..## #..# .# $ $ $ #+###.##..# +.^# .# ?$()

$ $$ #.##.#.#..# $#..#
.#▓($?[ .<.÷###'..###
..##.#▓!?$$$ $$
#.##.#.#....###^..##▓▓▓▓▓
#'###.##......~hc~~~~~~~~~
.$.####~~.....~#y########+
.#..#~~§~§§~..~#@_._._..#~
. .##~~~~~~§~.~#.._._._.#~
# ##~~~§≈§~§§~~#._._._._#~
$ ~~~~~~≈§§≈§~~#_._._._.#§
$ +++#~§≈§§§≈§~#._._._..#~
$ ##≈§≈###§≈#_._._...#~ $
##§≈ #§≈#._._....#~ $
#≈≈#_._.....#~
≈≈≈§≈##########§


You could see a polar bear, a yaktaur and a hornet.

Vanquished Creatures
  A merfolk siren (D)
  2 polar bears (D)
  2 wyverns (D)
5 creatures vanquished.

Notes
Turn   | Place    | Note
-------+----------+-------------------------------------------
     0 | D        | Ankalagon the Gargoyle Fighter began the quest for the Orb.
     0 | D        | Reached XP level 1. HP: 14/14 MP: 1/1
     1 | D        | Noticed a merfolk siren
     7 | D        | Killed a merfolk siren
     8 | D        | Reached skill level 10 in Shields
     8 | D        | Reached XP level 2. HP: 14/19 MP: 2/2
     8 | D        | Reached XP level 3. HP: 17/23 MP: 3/3
     8 | D        | Reached XP level 4. HP: 20/28 MP: 4/4
     8 | D        | Reached XP level 5. HP: 23/32 MP: 5/5
     8 | D        | Reached XP level 6. HP: 27/37 MP: 6/6
    10 | D        | Noticed a wyvern
    10 | D        | Noticed a wyvern
    19 | D        | Killed a wyvern
    20 | D        | Reached skill level 10 in Maces & Flails
    20 | D        | Reached skill level 11 in Shields
    20 | D        | Reached XP level 7. HP: 14/41 MP: 7/7
    24 | D        | Killed a wyvern
    25 | D        | Reached skill level 12 in Shields
   273 | D        | Found a glowing silver altar of Zin.
   273 | D        | Found a radiant altar of Vehumet.
   274 | D        | Found a glowing golden altar of the Shining One.
   274 | D        | Found a basalt altar of Yredelemnul.
   274 | D        | Found a hide-covered altar of Uskayaw.
   274 | D        | Found a sparkling altar of Nemelex Xobeh.
   275 | D        | Found a shimmering altar of Xom.
   275 | D        | Found a bloodstained altar of Trog.
   275 | D        | Found a burning altar of Makhleb.
   276 | D        | Found an ornate altar of the Wu Jian Council.
   276 | D        | Found a shimmering blue altar of Sif Muna.
   276 | D        | Found a corrupted altar of Lugonu.
   277 | D        | Found a sacrificial altar of Ru.
   277 | D        | Found an ancient bone altar of Kikubaaqudgha.
   277 | D        | Found a white marble altar of Elyvilon.
   278 | D        | Found a stormy altar of Qazlal.
   278 | D        | Found a viscous altar of Jiyva.
   278 | D        | Found a shadowy altar of Dithmenos.
   279 | D        | Found a hazy altar of Hepliaklqana.
   279 | D        | Found a snail-covered altar of Cheibriados.
   281 | D        | Found a blossoming altar of Fedhas.
   281 | D        | Noticed a hornet
   281 | D        | Noticed a polar bear
   281 | D        | Noticed a polar bear
   281 | D        | Noticed a yaktaur
   281 | D        | Noticed a polar bear
   282 | D        | Found an iron altar of Okawaru.
   282 | D        | Found an opulent altar of Gozag.
   291 | D        | Became a worshipper of Gozag Ym Sagoz the Greedy
   293 | D        | Noticed an orange crystal statue
   312 | D        | Killed a polar bear
   313 | D        | Reached skill level 13 in Shields
   313 | D        | Reached XP level 8. HP: 37/46 MP: 8/8
   322 | D        | Killed a polar bear
   323 | D        | Slain by a hornet

Illustrated notes

Levels and vault maps discovered:
D:        the_violet_keep_of_menkaure [sprint2_stairs_cluster_1,
          sprint2_shoproom, sprint2_temple, sprint2_basic_supplies,
          sprint2_obstacle_6, sprint2_obstacle_4, sprint2_obstacle_2,
          sprint2_obstacle_1, sprint2_obstacle_7, sprint2_timed_cluster_1,
          sprint2_smallroom_cluster_1, sprint2_smallroom_final_cluster_1,
          sprint2_transparent_cluster_1, sprint2_second_timed_cluster_1,
          sprint2_sniper_area_1, sprint2_heavy_combat_area_1,
          sprint2_mutation_trap_area_1, sprint2_forest_area_1,
          sprint2_light_combat_area_1, sprint2_behind_water_1,
          sprint2_near_end_vault_1]

Skill      XL: |  1  2  3  4  5  6  7 |
---------------+----------------------+-----
Maces & Flails | 9 10 12 | 12.6
Shields        | 10 11 13 | 13.9
Fighting       | |  3.2
Armour         | |  3.2

Action                   |  1- 3 |  4- 6 |  7- 9 || total
-------------------------+-------+-------+-------++-------
Melee: Flail             |     4 |     8 |    28 ||    40
  Use: Potion            |     1 |     1 |     1 ||     3
Armor: Scale mail        |       |     2 |    17 ||    19
Dodge: Dodged            |       |     2 |    14 ||    16
Block: Buckler           |       |       |    14 ||    14

Table legend: (Time is in decaauts)
 A = Elapsed time spent in this place.
 B = Non-inter-level travel time spent in this place.
 C = Inter-level travel time spent in this place.
 D = Time resting spent in this place.
 E = Time spent auto-exploring this place.
 F = Levels seen in this place.
 G = Mean time per level.
                   A        B        C        D        E       F      G
               +--------+--------+--------+--------+--------+-----+--------+
         Total |    314 |    314 |      0 |    230 |      0 |   1 |  314.0 |
       Dungeon |    314 |    314 |      0 |    230 |      0 |   1 |  314.0 |
               +--------+--------+--------+--------+--------+-----+--------+

Top non-repeatable levels by time:
       D: 314 daAuts
